 Dungeon Crawl Stone Soup version 0.31.0-11-ge490571c62 (webtiles) character file.

Game seed: 9580217452300326604

46 qw the Shooter (level 3, -3/20 HPs)
             Began as a Deep Elf Hunter on Feb 5, 2024.
             Slain by a ribbon worm (5 damage)
             ... on level 2 of the Dungeon.
             The game lasted 00:01:02 (1304 turns).

qw the Shooter (Deep Elf Hunter)                    Turns: 1304, Time: 00:01:03

Health: -3/20      AC:  5    Str: 10    XL:     3   Next: 46%
Magic:  5/5        EV:  6    Int: 13    God:
Gold:   107        SH:  0    Dex: 18    Spells: 2/2 levels left

rFire   . . .        a - +0 shortbow
rCold   . . .        (shield currently unavailable)
rNeg    . . .        l - +0 ring mail
rPois   .            (no helmet)
rElec   .            (no cloak)
rCorr   .            (no gloves)
SInv    .            (no boots)
Will    .....        (no amulet)
Stlth   +            (no ring)
HPRegen 0.23/turn    (no ring)
MPRegen 0.09/turn

%: no passive effects
@: about to teleport, held
A: no striking features
a: no special abilities


You were on level 2 of the Dungeon.
You visited 1 branch of the dungeon, and saw 2 of its levels.

You collected 107 gold pieces.


   Skills:
 - Level 1.5 Fighting
 + Level 7.0 Ranged Weapons
 - Level 2.4 Dodging
 - Level 1.2 Stealth


You had 2 spell levels left.
You didn't know any spells.
Your spell library was empty.

Inventory:

Hand Weapons
 a - a +0 shortbow (weapon)
Armour
 l - a +0 ring mail (worn)
Jewellery
 d - an amulet of magic regeneration
Potions
 b - a potion of resistance {unknown}
 c - a potion of heal wounds {unknown}
 k - a potion of curing

Dungeon Overview and Level Annotations

Branches:
Dungeon (2/15)

Altars:
Ashenzari

Shops:
D:2 *


Message History

The giant cockroach is heavily wounded.
The giant cockroach closely misses you.
You shoot an arrow. The arrow hits the giant cockroach.
You kill the giant cockroach!
There is an open door here.
You see here a giant cockroach corpse.
Found a ring mail.
You now have 107 gold pieces (gained 5).
You see here a +0 ring mail.
A ribbon worm comes into view.
You shoot an arrow. The arrow hits the ribbon worm!
The ribbon worm is heavily wounded.
You shoot an arrow. The arrow hits the ribbon worm.
The ribbon worm is severely wounded.
You shoot an arrow.
The arrow barely misses the ribbon worm.
The ribbon worm expels a string of sticky webbing.
The stream of webbing hits you but does no damage.
You are caught in a web!
The web tears apart.
You shoot an arrow. The arrow hits the ribbon worm.
The ribbon worm is almost dead.
You shoot an arrow. The arrow hits the ribbon worm.
The ribbon worm is almost dead.
The ribbon worm expels a string of sticky webbing.
The stream of webbing hits you but does no damage.
You are caught in a web!
The ribbon worm expels a string of sticky webbing.
The stream of webbing misses you. The ribbon worm closely misses you.
The ribbon worm bites you. The ribbon worm bites you.
The ribbon worm bites you.
1301 ||| READING scroll of teleportation.
As you read the scroll of teleportation, it crumbles to dust.
You feel strangely unstable. The ribbon worm bites you.
The ribbon worm closely misses you. The ribbon worm bites you.
You die...

#.#######.#
##....#.###
#.........# #....#.###
########..# ##...'...#
########..# #...###..
.......#..# #...# ###
..........# #...# #
.......#.## #+# #####
# .......#.#
#.######### #
.......#.#
###.#@.......
###.####.#
#....w....... #....#.#
#[#........^.
#.##.#.###.####.......
######%#.....# .......
.........##### .......
.........# #......
.........# ......
.........# .###


You could see a ribbon worm.

Vanquished Creatures
  An adder (D:2)
  4 ball pythons
  4 endoplasms (D:1)
  2 giant cockroaches
  3 goblins
  3 hobgoblins
  2 quokkas (D:1)
  5 bats
  A frilled lizard (D:2)
  4 kobolds
  3 rats
32 creatures vanquished.

Notes
Turn   | Place    | Note
-------+----------+-------------------------------------------
     0 | D:1      | qw the Deep Elf Hunter began the quest for the Orb.
     0 | D:1      | Reached XP level 1. HP: 12/12 MP: 3/3
     0 | D:1      | 0 ||| qw: Version: 0.3-a-160-g6735b56
     0 | D:1      | 0 ||| qw: Game counter: 6525
     0 | D:1      | 0 ||| qw: Melee chars always use a shield: true
     0 | D:1      | 0 ||| qw: God list: Okawaru
     0 | D:1      | 0 ||| qw: Allow faded altars: false
     0 | D:1      | 0 ||| qw: Do Orc after clearing Dungeon:15 true
     0 | D:1      | 0 ||| qw: Do second Lair branch before Depths: true
     0 | D:1      | 0 ||| qw: Lair rune preference: random
     0 | D:1      | 0 ||| qw: Goals: Normal
     0 | D:1      | 0 ||| PLANNING D:1-11
   167 | D:1      | Reached skill level 6 in Ranged Weapons
   167 | D:1      | Reached XP level 2. HP: 16/16 MP: 4/4
   557 | D:1      | Found a broken altar of Ashenzari.
   566 | D:1      | 566 ||| UPGRADING to +0 scale mail.
   576 | D:1      | 576 ||| DROPPING +0 leather armour.
   577 | D:1      | 577 ||| UPGRADING to +0 ring mail.
   587 | D:1      | 587 ||| DROPPING +0 scale mail.
   592 | D:1      | 592 ||| DROPPING ring of magical power.
   593 | D:1      | 593 ||| READING scroll labelled TOETET FEENYUSM.
   694 | D:1      | 694 ||| READING 2 scrolls labelled JUXOGI QUTS.
   694 | D:1      | 694 ||| IDENTIFYING metallic golden potion
   695 | D:1      | 695 ||| READING scroll of identify.
   695 | D:1      | 695 ||| IDENTIFYING scroll labelled AMMOSTROVVY
   696 | D:1      | 696 ||| READING 2 scrolls labelled YWNIAC PU TOI.
   700 | D:1      | 700 ||| READING scroll labelled DEAMNO BIFI.
   801 | D:1      | 801 ||| READING scroll labelled NUVEAW NOECWIA.
   802 | D:1      | 802 ||| DROPPING scroll of butterflies.
   803 | D:1      | 803 ||| DROPPING scroll of torment.
  1056 | D:2      | Reached XP level 3. HP: 20/20 MP: 5/5
  1147 | D:2      | Found Piarak's Assorted Antiques.
  1207 | D:2      | Reached skill level 7 in Ranged Weapons
  1300 | D:2      | HP: 4/20 [ribbon worm (6)]
  1301 | D:2      | 1301 ||| READING scroll of teleportation.
  1302 | D:2      | HP: 1/20 [ribbon worm (3)]
  1304 | D:2      | Slain by a ribbon worm

Levels and vault maps discovered:
D:1:      dpeg_arrival_lava_altar, layout_basic, grunt_decor_fettered
D:2:      minmay_wonky_spiral, layout_basic, serial_shops,
          nicolae_shop_window_shopping

Skill      XL: |  1  2  3 |
---------------+----------+-----
Ranged Weapons | 6 7 |  7.0
Fighting       | |  1.5
Dodging        | |  2.4
Stealth        | |  1.2

Action                     || total
---------------------------++-------
   Fire: Shortbow          ||    87
    Use: Scroll            ||     7
 Armour: Ring mail         ||    12
         Leather armour    ||     3
  Dodge: Dodged            ||    30

Table legend:
 A = Non-vault XP
 B = Vault XP
 C = Vault XP percentage of total XP
 D = Non-vault monster count
 E = Vault monster count
 F = Vault count percentage of total count
                 A         B        C        D         E       F
            +---------+---------+-------+---------+---------+-------
      Total |      64 |       3 |   4.5 |      30 |       2 |   6.2
            +---------+---------+-------+---------+---------+-------
        D:1 |      34 |       0 |   0.0 |      20 |       0 |   0.0
        D:2 |      30 |       3 |   9.1 |      10 |       2 |  16.7
            +---------+---------+-------+---------+---------+-------
